 Dungeon Crawl Stone Soup version 0.19-a0-1127-gac58878 (webtiles) character file.

84 torvon the Conjurer (level 4, -4/21 HPs)
             Began as a Vine Stalker Conjurer on Aug 12, 2016.
             Killed from afar by an orc wizard (9 damage)
             ... with a puff of flame
             ... on level 3 of the Dungeon.
             The game lasted 00:10:04 (2260 turns).

torvon the Conjurer (Vine Stalker Conjurer)         Turns: 2260, Time: 00:10:04

Health: -4/21      AC:  2    Str: 11    XL:     4   Next: 45%
Magic:  0/8        EV: 12    Int: 16    God:
Gold:   115        SH:  0    Dex: 14    Spells: 2 memorised, 3 levels left

rFire  . . .     SeeInvis .     g - +0 mace (holy) {BAM}
rCold  . . .     Gourm    .     a - +0 robe
rNeg   . . .     Faith    .     (no shield)
rPois  .         Spirit   +     (no helmet)
rElec  .         Dismiss  .     (no cloak)
rCorr  .         Reflect  .     (no gloves)
SustAt .         Harm     .     (no boots)
MR     .....                    (no amulet)
Stlth  ++........               (no ring)
                                (no ring)

@:
A: fangs 2, regeneration 1, magic shield, antimagic bite, no device heal 3, rot
immunity
a: no special abilities


You were on level 3 of the Dungeon.
You were not hungry.

You visited 1 branch of the dungeon, and saw 3 of its levels.

You collected 115 gold pieces.

Inventory:

Hand Weapons
 g - a +0 mace of holy wrath (weapon) {BAM}
 n - a +0 short sword
 v - a +0 spear
 y - a cursed -3 hand axe
Missiles
 u - 19 poisoned needles
Armour
 a - a +0 robe (worn)
 d - a +0 leather armour
Jewellery
 w - an uncursed ring of protection from fire {unknown}
Scrolls
 e - a scroll of identify {unknown}
 k - 2 scrolls of amnesia
 o - a scroll of fear {unknown}
 p - a scroll of fog {unknown}
 q - a scroll of teleportation {unknown}
 r - a scroll of noise
 t - a scroll of immolation {unknown}
Potions
 c - 2 potions of curing
 h - a potion of mutation {unknown}
 i - a potion of degeneration {unknown}
 l - a potion of flight {unknown}
 m - a potion of might {unknown}
 B - a potion of brilliance {unknown}
Books
 b - a book of Conjurations

   Spells                             Type                      Level
   a - Magic Dart                     Conjuration                  1
   b - Searing Ray                    Conjuration                  2
   c - Dazzling Spray                 Conjuration/Hexes            3
   d - Fulminant Prism                Conjuration/Hexes            4
   e - Iskenderun's Mystic Blast      Conjuration                  4
   f - Iskenderun's Battlesphere      Conjuration/Charms           5
Comestibles
 f - a slice of pizza
 j - a beef jerky
 s - 3 fruits
 x - a meat ration
 z - a bread ration


   Skills:
 + Level 0.3 Fighting
 + Level 1.7 Dodging
 - Level 2.4 Stealth
 - Level 2.1 Spellcasting
 * Level 5.6 Conjurations


You had 3 spell levels left.
You knew the following spells:

 Your Spells              Type           Power        Failure   Level  Hunger
a - Magic Dart            Conj           ###.         1%          1    #......
b - Dazzling Spray        Conj/Hex       ##....       21%         3    ###....


Dungeon Overview and Level Annotations

Branches:
Dungeon (3/15)

Altars:
Pakellas

Annotations:
D:3 eragonby's ghost, amateur DECj


Innate Abilities, Weirdness & Mutations

You have extremely sharp teeth.
Your natural rate of healing is unusually fast.
When hurt, damage is shared between your health and your magic reserves.
Your bite disrupts and absorbs the magic of your enemies.
Potions and wands cannot restore your health.
You are immune to rotting.


Message History

Aim: an orc wizard, wielding a dagger and wearing a robe (heavily wounded)
The magic dart hits the orc wizard.
The orc wizard is heavily wounded.
The orc wizard casts a spell at you.
You are confused.
You bump into the rock wall.
The orc wizard closely misses you.
The orc wizard shouts!
You hit the orc wizard.
The orc wizard is almost dead.
The orc wizard points at you and mumbles some strange words.
The puff of flame hits you! The orc wizard hits you with a dagger.
You feel less confused. The orc wizard hits you with a dagger.
* * * LOW HITPOINT WARNING * * *
The orc wizard closely misses you. The orc wizard casts a spell at you.
The puff of flame hits you!
You die...

###...####
.....##.(##
####.#....## ..
####.#....'# #.
##...##)[##.#####.
##....#'## #....#
##.......# #...#
.........#
##.......# +.#o#
...g.....#
##.......## ##.o@#
.........#
.'........###....#
.........#
.#.............#.#
.......o.#
.#.............#.#
......?..#
.#.............#.#
.........###
.#.............#.#
#......
.#######+#######.#
#...... .# ..#
#...... ## ..#
#......


You could see 2 orc wizards.

Vanquished Creatures
  3 adders (D:2)
  2 worms (D:2)
  A giant gecko (D:1)
  2 orcs
  A ball python (D:2)
  9 bats
  5 giant cockroaches
  6 goblins
  3 hobgoblins (D:2)
  5 kobolds
  A quokka (D:2)
  3 giant newts
  5 rats
46 creatures vanquished.

Notes
Turn   | Place    | Note
-------+----------+-------------------------------------------
     0 | D:1      | torvon the Vine Stalker Conjurer began the quest for the Orb.
     0 | D:1      | Reached XP level 1. HP: 9/9 MP: 4/4
   434 | D:1      | Reached XP level 2. HP: 13/13 MP: 1/6
   745 | D:2      | Reached XP level 3. HP: 16/16 MP: 3/7
   808 | D:2      | Reached skill level 5 in Conjurations
  1160 | D:2      | Learned a level 3 spell: Dazzling Spray
  1214 | D:2      | Reached XP level 4. HP: 15/21 MP: 1/8
  1417 | D:2      | Found an oddly glowing altar of Pakellas.
  1830 | D:3      | Found a faded altar of an unknown god.
  1830 | D:3      | Noticed eragonby's ghost (amateur DECj)
  2260 | D:3      | Killed from afar by an orc wizard

Vault maps used:
D:1:      lightli_arrival_lavapool
D:2:      grunt_pakellas_mercury
D:3:      kennysheep_six_static_rooms, first_bread, ecumenical_altar_1,
          hangedman_abyss_or_decor_stabs, minmay_joined_circles

Skill      XL: |  1  2  3 |
---------------+----------+-----
Conjurations   | 5 |  5.6
Fighting       | |  0.3
Dodging        | |  1.7
Stealth        | |  2.4
Spellcasting   | |  2.1

Action                   |  1- 3 |  4- 6 || total
-------------------------+-------+-------++-------
Melee: Mace              |    29 |     4 ||    33
       Unarmed           |     2 |       ||     2
       Bite              |     8 |       ||     8
 Cast: Magic Dart        |    63 |    46 ||   109
       Dazzling Spray    |     1 |       ||     1
  Use: Scroll            |       |     2 ||     2
  Eat: Chunk             |     2 |     1 ||     3
       Bread ration      |       |     1 ||     1
Armor: Robe              |    10 |     2 ||    12
Dodge: Dodged            |    41 |    13 ||    54
